 Dungeon Crawl Stone Soup version 0.27.0-1-g7a089689b8 (webtiles) character file.

Game seed: 12975453415293888277

10 Gunterle the Sneak (level 2, -1/19 HPs)
             Began as a Kobold Delver on Aug 10, 2021.
             Killed by nerve-wracking pain
             ... invoked by an orc priest
              (10 damage)
             ... on level 4 of the Dungeon.
             The game lasted 00:04:02 (398 turns).

Gunterle the Sneak (Kobold Delver)                   Turns: 398, Time: 00:04:03

Health: -1/19      AC:  4    Str:  9    XL:     2   Next: 30%
Magic:  2/2        EV: 14    Int: 11    God:
Gold:   86         SH:  0    Dex: 16    Spells: 1/1 levels left

rFire    . . .     SeeInvis .   i - +0 dagger
rCold    . . .     Faith    .   (shield restricted)
rNeg     . . .     Spirit   .   b - +0 leather armour
rPois    .         Reflect  .   (no helmet)
rElec    .         Harm     .   (no cloak)
rCorr    .         Rampage  .   k - +0 pair of gloves
Will     .....                  (no boots)
Stlth    ++++......             (no amulet)
HPRegen  0.06/turn              (no ring)
MPRegen  0.08/turn              (no ring)

@: no status effects
A: small, no large weapons, nightstalker 3
a: no special abilities


You were on level 4 of the Dungeon.
You visited 1 branch of the dungeon, and saw 3 of its levels.

You collected 86 gold pieces.

Inventory:

Hand Weapons
 a - a +0 short sword
 i - a +0 dagger (weapon)
Missiles
 d - 24 stones (quivered)
Armour
 b - a +0 leather armour (worn)
 k - a +0 pair of gloves (worn)
Magical Staves
 h - a staff of fire
Wands
 g - a wand of digging (3)
Scrolls
 c - a scroll of fog
 e - a scroll of holy word {unknown}
 j - a scroll of vulnerability {unknown}
Potions
 l - a potion of resistance {unknown}


   Skills:
 + Level 3.4 Fighting
 * Level 3.2 Short Blades
 + Level 2.6 Dodging
 + Level 6.7 Stealth


You had one spell level left.
You didn't know any spells.
Your spell library was empty.

Dungeon Overview and Level Annotations

Branches:
Dungeon (6/15)
 Temple: D:4-7

Altars:

Annotations:
D:4 exclusion: orc
D:5 exclusion: orc
D:6 exclusions: gnoll, iguana and jelly, Menkaure


Innate Abilities, Weirdness & Mutations

You are small and have problems with some larger weapons.
You are completely attuned to the shadows.


Message History

You see here an adder corpse.
Okay, then.
Your extra speed is starting to run out.
You feel yourself slow down.
You hear the slow hiss of a very distant avalanche of sand.
An orc comes into view. It is wielding a +0 mace.
Unknown command.
A goblin comes into view. It is wielding a +0 club.
Found 24 stones.
You see here 24 stones.
d - 24 stones An orc wizard comes into view.
It is wielding a +0 dagger.
An orc comes into view. It is wielding a +0 dagger.
Found 12 arrows.
The helpless goblin fails to defend itself.
You perforate the goblin like a sieve!!!
You kill the goblin!
The orc shouts!
The orc wizard shouts!
You hear a shout!
You hear an angry hiss.
The orc wizard casts a spell at you. The puff of flame hits you.
You hear a shout!
Okay, then.
As you read the scroll of fear, it crumbles to dust.
You assume a fearsome visage.
The orc wizard looks frightened!
The orc looks frightened!
An orc priest comes into view. It is wielding a +0 short sword.
The orc wizard casts a spell.
The orc wizard flickers and vanishes!
Deactivating autopickup; reactivate with Ctrl-A.
You hear the slow hiss of a very distant avalanche of sand.
The orc priest invokes the aid of Beogh against you.
Pain shoots through your body!
Found a scroll labelled SINITHRABIC.
You see here a scroll labelled SINITHRABIC.
e - a scroll labelled SINITHRABIC The orc priest invokes the aid of Beogh against you.
Pain shoots through your body!
Ouch! That really hurt!
You die...

## .# ### # .# ..# ...
..# #.##. ##.####..#
.(... .#....@..... .###
#.#.#.#..#..
.#########.# #.#o.#
.....o..o..# .....#
#########..#####..######
#..............#
##.########.####
#.....o....#
############


You could see an orc priest.

Vanquished Creatures
  An adder (D:4)
  A goblin (D:4)
2 creatures vanquished.

Notes
Turn   | Place    | Note
-------+----------+-------------------------------------------
     0 | D:5      | Gunterle the Kobold Delver began the quest for the Orb.
     0 | D:5      | Reached XP level 1. HP: 14/14 MP: 1/1
    23 | D:6      | Noticed a jelly
    46 | D:6      | Noticed an iguana
    60 | D:6      | Noticed Menkaure
   205 | D:5      | Noticed a jelly
   259 | D:4      | Reached XP level 2. HP: 11/19 MP: 2/2
   398 | D:4      | Killed from afar by an orc priest

Illustrated notes

Levels and vault maps discovered:
D:4:      layout_basic, kennysheep_mini, minmay_temple_entry_large_hall,
          gammafunk_ghost_grave, enter_ossuary_1, st_stairs_10, uniq_ijyb
D:5:      layout_loops_ring
D:6:      minmay_polygon_palace, layout_rooms, okawaru_metal_pillars_1_2,
          mainiacjoe_overflow_brackets, evilmike_ruin_ashenzari, uniq_menkaure,
          uniq_maggie

Skill      XL: |  1 |
---------------+----+-----
Short Blades   | 3 |  3.2
Fighting       | |  3.4
Dodging        | |  2.6
Stealth        | |  6.7

Action                   || total
-------------------------++-------
Melee: Dagger            ||     2
  Use: Scroll            ||     2
       Potion            ||     1
 Stab: Sleeping          ||     2
Armor: Leather armour    ||     3
Dodge: Dodged            ||     2
